 Dungeon Crawl Stone Soup version 0.19.0 (webtiles) character file.

249 Magifyre the Sneak (level 5, -1/24 HPs)
             Began as a Felid Chaos Knight on Nov 10, 2016.
             Slain by a worker ant (4 damage)
             ... on level 4 of the Dungeon on Nov 11, 2016.
             The game lasted 00:26:02 (5730 turns).

Magifyre the Sneak (Felid Chaos Knight)             Turns: 5730, Time: 00:26:03

Health: -1/24      AC:  2    Str:  8      XL:     5   Next: 86%
Magic:  6/6        EV: 18    Int: 13 (14) God:    Xom [....*.]
Gold:   314        SH:  0    Dex: 16 (17) Spells: 0 memorised, 4 levels left
                                        Lives:  0   Deaths: 1

rFire  . . .     SeeInvis +       - Unarmed
rCold  . . .     Gourm    .     (armour unavailable)
rNeg   . . .     Faith    .     (shield unavailable)
rPois  .         Spirit   .     (helmet unavailable)
rElec  .         Reflect  .     (cloak unavailable)
rCorr  .         Harm     .     (gloves unavailable)
MR     .....                    (boots unavailable)
Stlth  ++++......               (no amulet)
                                (no ring)
                                (no ring)

@: lethally poisoned (-1 -> -3), quick
A: no armour, no weapons or thrown items, stealth, claws 1, fangs 3, see
invisible, carnivore 3, deterioration 1, speed 1, shaggy fur 2, slow metabolism
1, sharp paws
a: Renounce Religion


You were on level 4 of the Dungeon.
You worshipped Xom.
You were a beloved toy of Xom.
You were not hungry.

You visited 1 branch of the dungeon, and saw 4 of its levels.

You collected 314 gold pieces.

Inventory:

Jewellery
 c - an uncursed ring of ice
 f - an uncursed ring of positive energy {unknown}
 y - the amulet of the Tired Souls {Inacc rN+ Int+5, unknown}
   (You found it on level 4 of the Dungeon)

   [amulet of inaccuracy]

   It reduces the accuracy of all your attacks.
   It affects your intelligence (+5).
   It protects you from negative energy.
Wands
 u - a wand of digging (17/24)
 x - a wand of random effects (17/48)
Scrolls
 b - 2 scrolls of teleportation {unknown}
 d - 4 scrolls of fear {unknown}
 e - 5 scrolls of remove curse {unknown}
 i - a scroll of random uselessness {unknown}
 j - a scroll of noise {unknown}
 m - 4 scrolls of enchant armour {unknown}
 q - a scroll of immolation {unknown}
 s - 3 scrolls of identify {unknown}
 v - a scroll of amnesia {unknown}
Potions
 g - a potion of haste {unknown}
 h - a potion of heal wounds {unknown}
 l - 2 potions of agility {unknown}
 n - a potion of ambrosia {unknown}
 o - 3 potions of degeneration {unknown}
 p - 3 potions of curing {unknown}
 t - 2 potions of lignification {unknown}
 w - a potion of might {unknown}
 z - 2 potions of cure mutation {unknown}
Comestibles
 a - 7 meat rations
 k - a beef jerky


   Skills:
 - Level 3.0 Fighting
 - Level 3.2 Dodging
 + Level 7.1 Stealth
 + Level 5.9 Unarmed Combat


You had 4 spell levels left.
You didn't know any spells.

Dungeon Overview and Level Annotations

Branches:
Dungeon (4/15)
 Temple: D:4-7

Altars:
Xom

Annotations:
D:4 Pikel


Innate Abilities, Weirdness & Mutations

You cannot wear armour.
You are incapable of wielding weapons or throwing items.
Your paws allow you to move quietly. (Stealth)
You have sharp claws.
You have razor-sharp teeth.
You have supernaturally acute eyesight. (SInv)
You are carnivorous and can eat meat at any time.
You cover ground quickly.
You are covered in thick fur. (AC +2)
You have a slow metabolism.
Your sharp claws are effective at attacking unaware monsters.
Your body sometimes deteriorates upon taking damage.


Message History

A worker ant is nearby!
A worker ant is nearby!
A worker ant is nearby!
A worker ant is nearby!
The worker ant closely misses you.
The worker ant bites you but does no damage.
The worker ant bites you but does no damage.
You feel sick. The worker ant completely misses you.
The worker ant closely misses you. The worker ant barely misses you.
The worker ant closely misses you. The worker ant misses you.
You feel sick.
The worker ant waves its antennae.
The worker ant barely misses you. The worker ant bites you.
* * * LOW HITPOINT WARNING * * *
Your body deteriorates!
You feel dopey. The worker ant bites you.
You die... "What!?
That's it?"

####### #.....# #.###.# #####.#
#.# ###### ######
#..<#'###.###..... ########....#
##................. #...........#
#.@........###.####
#...........#####a.......# #.....
'...........'...[........###.###.
#...........########.......#.....
............+.......>#####.#.####
##'#####....########.### #.#.....
##.#.............#.....# #.......
##.#.....###.###.###.############
+..........#.# #.# #.# #........


You could see a worker ant.

Vanquished Creatures
  Sigmund (D:4)
  A slave (D:4)
  An orc priest (D:3)
  A hound (D:4)
  4 worker ants
  8 adders
  A worm (D:3)
  A dart slug (D:2)
  A leopard gecko (D:1)
  6 orcs
  4 giant cockroaches
  8 goblins
  6 hobgoblins
  6 jackals
  11 kobolds
  5 quokkas
  2 ball pythons (D:2)
  10 bats
  8 frilled lizards
  5 rats
  A fungus (D:1)
91 creatures vanquished.

Vanquished Creatures (collateral kills)
  A slave (D:4)
  A leopard gecko (D:3)
2 creatures vanquished.

Grand Total: 93 creatures vanquished

Notes
Turn   | Place    | Note
-------+----------+-------------------------------------------
     0 | D:1      | Magifyre the Felid Chaos Knight began the quest for the Orb.
     0 | D:1      | Reached XP level 1. HP: 10/10 MP: 2/2
   145 | D:1      | Reached skill level 1 in Stealth
   320 | D:1      | Reached XP level 2. HP: 11/14 MP: 3/3
   522 | D:1      | Reached skill level 2 in Stealth
   808 | D:1      | XOM: noise
   943 | D:1      | Reached XP level 3. HP: 16/17 MP: 4/4
  1009 | D:1      | Reached skill level 3 in Stealth
  1254 | D:2      | XOM: polymorph frilled lizard -> dart slug
  1659 | D:2      | XOM: harmless Fire miscast
  1712 | D:2      | Found a shimmering altar of Xom.
  2067 | D:2      | Reached XP level 4. HP: 20/21 MP: 5/5
  2360 | D:2      | XOM is BORED!
  2360 | D:2      | XOM: noise
  2773 | D:3      | Reached skill level 4 in Stealth
  3291 | D:3      | XOM is BORED!
  3291 | D:3      | XOM: give mutation
  3291 | D:3      | Gained mutation: Your body sometimes deteriorates upon taking damage. [Xom's mischief]
  3437 | D:3      | XOM: butterfly on damage
  3518 | D:3      | XOM: noise
  3669 | D:3      | Reached XP level 5. HP: 4/24 MP: 6/6
  3934 | D:3      | Noticed an ice beast
  3937 | D:3      | Reached skill level 5 in Stealth
  3951 | D:3      | XOM: summons friendly iron imp
  4041 | D:2      | XOM: harmless Air miscast
  4104 | D:4      | Noticed a slave
  4104 | D:4      | Noticed a slave
  4106 | D:4      | Noticed a slave
  4363 | D:4      | Reached skill level 5 in Unarmed Combat
  4423 | D:4      | Noticed Pikel
  4426 | D:4      | XOM: cloud trail
  4605 | D:4      | XOM: harmless Fire miscast
  4618 | D:4      | Noticed Sigmund
  4623 | D:4      | Killed Sigmund
  4623 | D:4      | Reached skill level 6 in Stealth
  4623 | D:4      | Gained mutation: You are covered in thick fur. (AC +2) [Felid growth]
  4623 | D:4      | Reached XP level 6. HP: 28/28 MP: 7/7
  4696 | D:4      | Reached skill level 7 in Stealth
  4748 | D:4      | Noticed a slave
  4810 | D:4      | XOM: confuse monster(s)
  4843 | D:4      | XOM: cast spell 'Call Canine Familiar'
  4847 | D:4      | Killed a slave
  4872 | D:4      | XOM: cast spell 'Summon Small Mammal'
  5081 | D:4      | Killed a slave
  5251 | D:4      | XOM: divination: detect items
  5257 | D:4      | Got a shimmering jade amulet
  5257 | D:4      | XOM: mild Summ miscast
  5367 | D:4      | XOM: harmless Fire miscast
  5372 | D:4      | XOM: confuse monster(s)
  5397 | D:4      | Paralysed by Pikel for 6 turns
  5403 | D:4      | Noticed Pikel
  5403 | D:4      | Pikel changed into Pikel the black bear
  5403 | D:4      | XOM: polymorph Pikel -> Pikel the black bear
  5406 | D:4      | XOM: potion effect (invisibility)
  5408 | D:4      | HP: 1/28 [Pikel the black bear (3)]
  5414 | D:4      | XOM: scenery: 1 doors close
  5696 | D:4      | Slain by a worker ant
  5697 | D:4      | Reached XP level 5. HP: -2/24 MP: 6/6
  5730 | D:4      | Slain by a worker ant

Skill      XL: |  1  2  3  4  5  6 |
---------------+-------------------+-----
Stealth        | 1 2 3 4 6 7 |  7.1
Unarmed Combat | 4 5 |  5.9
Fighting       | |  3.0
Dodging        | |  3.2

Action                   |  1- 3 |  4- 6 || total
-------------------------+-------+-------++-------
Melee: Unarmed           |   124 |   197 ||   321
       Bite              |     9 |    16 ||    25
       Punch             |       |     2 ||     2
 Stab: Sleeping          |     3 |    12 ||    15
  Eat: Chunk             |     9 |     7 ||    16
Armor: Skin              |     4 |     6 ||    10
Dodge: Dodged            |    89 |   157 ||   246
